 Dungeon Crawl Stone Soup version 0.31-a0-188-g5e087ee2ca (webtiles) character file.

Game seed: 6345540215741421171

71 qw the Shooter (level 4, 0/25 HPs)
             Began as a Deep Elf Hunter on June 22, 2023.
             Slain by Ijyb
             ... wielding a +0 club
              (3 damage)
             ... on level 4 of the Dungeon.
             The game lasted 00:00:26 (1245 turns).

qw the Shooter (Deep Elf Hunter)                    Turns: 1245, Time: 00:00:27

Health: 0/25       AC:  6    Str: 10    XL:     4   Next: 5%
Magic:  6/6        EV: 14    Int: 14    God:
Gold:   33         SH:  0    Dex: 18    Spells: 3/3 levels left

rFire   . . .        Y - +0 shortbow
rCold   . . .        (shield currently unavailable)
rNeg    . . .        e - +0 scale mail
rPois   .            (no helmet)
rElec   .            (no cloak)
rCorr   .            (no gloves)
SInv    .            (no boots)
Will    .....        (no amulet)
Stlth   +            f - +5 ring of evasion
HPRegen 0.24/turn    (no ring)
MPRegen 0.10/turn

%: no passive effects
@: about to teleport
A: no striking features
a: no special abilities


You were on level 4 of the Dungeon.
You visited 1 branch of the dungeon, and saw 3 of its levels.

You collected 145 gold pieces.
You spent 112 gold pieces at shops.


   Skills:
 - Level 1.5 Fighting
 + Level 7.5 Ranged Weapons
 - Level 2.4 Dodging
 - Level 1.2 Stealth


You had 3 spell levels left.
You didn't know any spells.
Your spell library was empty.

Inventory:

Hand Weapons
 Y - a +0 shortbow (weapon)
Armour
 e - a +0 scale mail (worn)
 h - a +0 ring mail
 k - a +0 cloak
Jewellery
 f - a +5 ring of evasion (left hand)
Wands
 j - a wand of quicksilver (7)
Scrolls
 b - a scroll of identify {unknown}
 g - a scroll of poison {unknown}
 l - a scroll of fog {unknown}
Potions
 a - a potion of might {unknown}
 d - a potion of magic {unknown}
 i - a potion of mutation {unknown}

Dungeon Overview and Level Annotations

Branches:
Dungeon (2/15)

Altars:

Shops:
D:2 *

Annotations:
D:4 Ijyb


Message History

Ijyb is heavily wounded.
Ijyb hits you but does no damage. Ijyb hits you with a +0 club.
You shoot an arrow. The arrow barely misses Ijyb.
Ijyb zaps a wand.
You suddenly lose the ability to move!
Ijyb zaps a wand.
You resist with some effort. The sleepcap releases spores at you.
You are engulfed in a cloud of soporific spores!
You can't fall asleep in your current state!
Ijyb screams, "Level is mine!
All mine!"
Ijyb hits you with a +0 club. Ijyb hits you but does no damage.
The sleepcap releases spores at you but does no damage.
You can move again.
You shoot an arrow. The arrow hits Ijyb!
Ijyb is almost dead.
Ijyb zaps a wand.
You resist with some effort.
The sleepcap releases spores at you but does no damage.
You shoot an arrow. The arrow closely misses Ijyb.
Ijyb zaps a wand.
You resist with some effort. The sleepcap closely misses you.
The sleepcap misses you. Ijyb hits you with a +0 club.
You shoot an arrow. The arrow hits Ijyb but does no damage.
Ijyb is almost dead.
Ijyb barely misses you. The sleepcap closely misses you.
You shoot an arrow. The arrow hits Ijyb but does no damage.
Ijyb is almost dead.
Ijyb zaps a wand.
You suddenly lose the ability to move!
The sleepcap releases spores at you but does no damage.
Ijyb hits you but does no damage.
The sleepcap releases spores at you but does no damage.
You can move again.
You shoot an arrow. The arrow barely misses Ijyb.
Ijyb misses you. The sleepcap barely misses you.
The sleepcap releases spores at you! Ijyb hits you with a +0 club.
1244 ||| READING scroll of teleportation.
As you read the scroll of teleportation, it crumbles to dust.
You feel strangely unstable. The sleepcap barely misses you.
Ijyb completely misses you.
You shoot an arrow. The arrow closely misses Ijyb.
Ijyb hits you with a +0 club.
You die...

...........#
...........# #........
...........#####........
..............##........
..............##........
.....#........##........
....##.........#........
...###.........#.g......
.... ######....#@f....[.
.... #...............
.... #....###........
... .........##....###.
.........##.....#
...............#.#
...................
...................
.................


You could see a sleepcap and Ijyb.

Vanquished Creatures
  A hound (D:4)
  An adder (D:1)
  A dart slug (D:4)
  3 endoplasms
  3 goblins
  4 hobgoblins
  A kobold (D:2)
  2 quokkas
  5 ball pythons
  4 bats
  2 frilled lizards
  2 rats
29 creatures vanquished.

Notes
Turn   | Place    | Note
-------+----------+-------------------------------------------
     0 | D:1      | qw the Deep Elf Hunter began the quest for the Orb.
     0 | D:1      | Reached XP level 1. HP: 12/12 MP: 3/3
     0 | D:1      | 0 ||| qw: Version: 0.3-a-9-g12657ce
     0 | D:1      | 0 ||| qw: Game counter: 2910
     0 | D:1      | 0 ||| qw: Always use a shield: true
     0 | D:1      | 0 ||| qw: God list: Okawaru
     0 | D:1      | 0 ||| qw: Allow faded altars: false
     0 | D:1      | 0 ||| qw: Do Orc after D:15 true
     0 | D:1      | 0 ||| qw: Do second Lair branch before Depths: true
     0 | D:1      | 0 ||| qw: Lair rune preference: random
     0 | D:1      | 0 ||| qw: Plans: Normal
     0 | D:1      | 0 ||| PLANNING D:1-11
   191 | D:1      | Reached XP level 2. HP: 16/16 MP: 4/4
   193 | D:1      | Reached skill level 6 in Ranged Weapons
   716 | D:1      | 716 ||| UPGRADING to +0 scale mail.
   726 | D:1      | 726 ||| DROPPING +0 leather armour.
   727 | D:1      | 727 ||| UPGRADING to +5 ring of evasion.
   728 | D:1      | 728 ||| READING scroll labelled JAISYAPR JEHA.
   733 | D:1      | 733 ||| READING scroll labelled JEIQUY ZU ZAROARYT.
   734 | D:1      | 734 ||| DROPPING scroll of butterflies.
   786 | D:2      | 786 ||| STAIRDANCE
   826 | D:2      | 826 ||| STAIRDANCE
   945 | D:2      | Reached XP level 3. HP: 17/20 MP: 5/5
  1083 | D:2      | Found Jeumesib's Assorted Antiques.
  1088 | D:2      | 1088 ||| BUYING black potion (20 gold).
  1088 | D:2      | Bought a black potion for 20 gold pieces
  1088 | D:2      | 1088 ||| BUYING blackened lead wand (92 gold).
  1088 | D:2      | Bought a blackened lead wand for 92 gold pieces
  1088 | D:2      | 1088 ||| SHOPLISTING crude sling (149 gold, have 9).
  1088 | D:2      | 1088 ||| SHOPLISTING jewelled glass wand (92 gold, have 9).
  1088 | D:2      | 1088 ||| SHOPLISTING scroll labelled HEOD RYTSILILL (23
                  | gold, have 9).
  1088 | D:2      | 1088 ||| SHOPLISTING scroll labelled VOSMEUGE LANO (23
                  | gold, have 9).
  1088 | D:2      | 1088 ||| SHOPLISTING viscous sapphire potion (20 gold, have
                  | 9).
  1147 | D:2      | You fall into a shaft and drop 2 floors!
  1171 | D:4      | Reached skill level 7 in Ranged Weapons
  1208 | D:4      | Reached XP level 4. HP: 25/25 MP: 6/6
  1211 | D:4      | Noticed Ijyb
  1220 | D:4      | Paralysed by Ijyb for 4 turns
  1226 | D:4      | Paralysed by Ijyb for 2 turns
  1234 | D:4      | Paralysed by Ijyb for 4 turns
  1241 | D:4      | Paralysed by Ijyb for 2 turns
  1243 | D:4      | HP: 6/25 [sleepcap (7)]
  1243 | D:4      | HP: 2/25 [Ijyb/+0 club (4)]
  1244 | D:4      | 1244 ||| READING scroll of teleportation.
  1245 | D:4      | Slain by Ijyb

Levels and vault maps discovered:
D:1:      dpeg_chamrin_arrival_tetris, layout_loops_ring, minmay_vboxes
D:2:      layout_basic, serial_shops, shop
D:4:      layout_basic, mainiacjoe_overflow_small_starburst,
          dreamdust_mushroom_princess, uniq_ijyb

Skill      XL: |  1  2  3 |
---------------+----------+-----
Ranged Weapons | 6 7 |  7.5
Fighting       | |  1.5
Dodging        | |  2.4
Stealth        | |  1.2

Action                     |  1- 3 |  4- 6 || total
---------------------------+-------+-------++-------
   Fire: Shortbow          |    77 |    25 ||   102
    Use: Scroll            |     2 |     1 ||     3
 Armour: Scale mail        |     8 |    12 ||    20
  Dodge: Dodged            |    21 |    14 ||    35

Table legend:
 A = Non-vault XP
 B = Vault XP
 C = Vault XP percentage of total XP
 D = Non-vault monster count
 E = Vault monster count
 F = Vault count percentage of total count
                 A         B        C        D         E       F
            +---------+---------+-------+---------+---------+-------
      Total |      99 |       3 |   2.9 |      27 |       2 |   6.9
            +---------+---------+-------+---------+---------+-------
        D:1 |      31 |       3 |   8.8 |      12 |       2 |  14.3
        D:2 |      19 |       0 |   0.0 |      12 |       0 |   0.0
        D:4 |      49 |       0 |   0.0 |       3 |       0 |   0.0
            +---------+---------+-------+---------+---------+-------
